 Dungeon Crawl Stone Soup version 0.23.2-40-g277498a001 (webtiles) character file.

Game seed: 18431078616064900527

641 H0rd4k the Charlatan (level 7, -2/51 HPs)
             Began as a Human Artificer on Oct 21, 2019.
             Was an Initiate of Gozag.
             Slain by a gnoll
             ... wielding a +0 halberd
              (5 damage)
             ... on level 5 of the Dungeon.
             The game lasted 00:08:07 (4745 turns).

H0rd4k the Charlatan (Human Artificer)              Turns: 4745, Time: 00:08:07

Health: -2/51      AC:  4    Str: 14    XL:     7   Next: 81%
Magic:  10/10      EV: 13    Int: 11    God:    Gozag
Gold:   159        SH:  0    Dex: 14    Spells: 6/6 levels left

rFire    . . .     SeeInvis .   t - +5 falchion
rCold    . . .     Gourm    .   (no shield)
rNeg     . . .     Faith    .   b - +0 leather armour
rPois    .         Spirit   .   A - +1 hat
rElec    .         Reflect  .   (no cloak)
rCorr    .         Harm     .   (no gloves)
MR       .....                  (no boots)
Stlth    ++........             (no amulet)
HPRegen  0.17/turn              (no ring)
MPRegen  0.12/turn              (no ring)

@: gold aura
A: no striking features
a: Potion Petition, Call Merchant, Bribe Branch, Renounce Religion


You were on level 5 of the Dungeon.
You worshipped Gozag.
Gozag was aware of your devotion.
You were not hungry.

You visited 1 branch of the dungeon, and saw 5 of its levels.

You collected 254 gold pieces.
You paid 95 gold pieces to Gozag.

Inventory:

Hand Weapons
 a - a +0 short sword
 n - a +1 short sword of speed
 t - a +5 falchion (weapon)
Missiles
 l - a throwing net (quivered)
 y - 9 tomahawks
Armour
 b - a +0 leather armour (worn)
 A - a +1 hat (worn)
Wands
 d - a wand of enslavement (12)
 e - a wand of random effects (15)
Scrolls
 g - a scroll of teleportation
 p - a scroll of blinking
 q - a scroll of magic mapping {unknown}
Potions
 c - 2 potions of magic {unknown}
 h - 2 potions of heal wounds
 i - 3 potions of flight {unknown}
 j - 2 potions of agility
 k - 3 potions of curing
 o - a potion of ambrosia {unknown}
 u - 3 potions of degeneration {unknown}
 v - 2 potions of brilliance {unknown}
Comestibles
 f - 11 rations
 m - 2 chunks of flesh


   Skills:
 + Level 2.9 Fighting
 + Level 3.5(3.9) Short Blades
 + Level 2.3(3.3) Long Blades
 + Level 2.9 Armour
 + Level 3.5 Dodging
 + Level 2.5 Stealth
 + Level 4.1 Evocations


You had 6 spell levels left.
You didn't know any spells.
Your spell library was empty.

Dungeon Overview and Level Annotations

Branches:
Dungeon (5/15)
 Temple: D:4-7

Altars:
Gozag
Hepliaklqana
Kikubaaqudgha
Okawaru
Ru
Uskayaw
The Shining One

Annotations:
D:3 exclusion: crimson imp


Message History

The gnoll completely misses you. The gnoll barely misses you.
You riposte.
You barely miss the gnoll.
The gnoll is heavily wounded.
The gnoll barely misses you. The gnoll sergeant barely misses you.
You slash the gnoll!
You kill the gnoll!
The gnoll hits you from afar with a +0 halberd!
The gnoll closely misses you.
The gnoll sergeant hits you but does no damage.
The gnoll barely misses you.
You riposte.
You slash the gnoll!
The gnoll is heavily wounded.
The gnoll hits you but does no damage. The gnoll hits you with a +0 spear.
The gnoll sergeant hits you with a +0 trident!
* * * LOW HITPOINT WARNING * * *
There is an open door, spattered with blood here.
Things that are here:
5 gold pieces; a +0 whip The gnoll hits you from afar with a +0 halberd.
You die...
Your body crumbles into a pile of gold.

#.# #..##### .
#.# #..# #.# #..#
#.# #..# #.#
#..### #.#
#....## #.#
#..#..#####
#.####≈≈≈≈.≈≈≈≈#
#.....≈##≈@≈##≈#
#..###≈###$##
#####..###≈≈#ggg#
#.........≈≈#.gg#
#.###<.###≈≈#.$.#
#......≈######
#.#.#.#≈##≈≈
#......≈≈≈≈≈
#.#.#.###...


You could see a gnoll sergeant and 4 gnolls.

Vanquished Creatures
  Menkaure (D:4)
  A phantom (D:5)
  A bullfrog (D:4)
  A scorpion (D:4)
  2 orc priests
  Ijyb (D:4)
  A worker ant (D:4)
  6 adders
  5 gnolls
  A shadow imp (D:3)
  3 oozes
  4 dart slugs
  5 leopard geckos
  20 orcs
  5 bats
  2 giant cockroaches
  4 goblins
  4 hobgoblins
  A jackal (D:2)
  3 quokkas (D:2)
  3 ball pythons
  8 frilled lizards
  6 kobolds
  A leopard gecko skeleton (D:4)
  A quokka skeleton (D:4)
  5 rats
95 creatures vanquished.

Vanquished Creatures (collateral kills)
  An orc wizard (D:4)
1 creature vanquished.

Vanquished Creatures (others)
  A leopard gecko (D:3)
1 creature vanquished.

Grand Total: 97 creatures vanquished

Notes
Turn   | Place    | Note
-------+----------+-------------------------------------------
     0 | D:1      | H0rd4k the Human Artificer began the quest for the Orb.
     0 | D:1      | Reached XP level 1. HP: 15/15 MP: 3/3
   182 | D:1      | Reached XP level 2. HP: 14/21 MP: 4/4
   567 | D:1      | Reached XP level 3. HP: 24/26 MP: 5/5
   913 | D:2      | Reached XP level 4. HP: 11/32 MP: 6/6
   928 | D:2      | Reached skill level 1 in Armour
  1226 | D:2      | Found a glowing golden altar of the Shining One.
  1336 | D:2      | Found an iron altar of Okawaru.
  1340 | D:2      | Found a hazy altar of Hepliaklqana.
  1471 | D:2      | Found a hide-covered altar of Uskayaw.
  1472 | D:2      | Found an ancient bone altar of Kikubaaqudgha.
  1548 | D:2      | Found a faded altar of an unknown god.
  1599 | D:2      | Reached XP level 5. HP: 32/37 MP: 7/7
  2134 | D:4      | Noticed Menkaure
  2506 | D:3      | Reached XP level 6. HP: 44/44 MP: 8/8
  2687 | D:3      | Found a sacrificial altar of Ru.
  3002 | D:4      | Noticed Ijyb
  3013 | D:4      | Killed Ijyb
  3075 | D:4      | Killed Menkaure
  3075 | D:4      | Reached skill level 4 in Evocations
  3075 | D:4      | Reached XP level 7. HP: 25/51 MP: 8/10
  3727 | D:4      | Reached skill level 1 in Long Blades
  4444 | D:4      | Found an opulent altar of Gozag.
  4535 | D:5      | Entered Level 5 of the Dungeon
  4616 | D:4      | Became a worshipper of Gozag Ym Sagoz the Greedy
  4745 | D:5      | Slain by a gnoll

Skill      XL: |  1  2  3  4  5  6  7 |
---------------+----------------------+-----
Short Blades   | 2 3 |  3.5
Armour         | 1 2 |  2.9
Stealth        | 2 |  2.5
Fighting       | 2 |  2.9
Dodging        | 3 |  3.5
Evocations     | 4 |  4.1
Long Blades    | 2 |  2.3

Action                   |  1- 3 |  4- 6 |  7- 9 || total
-------------------------+-------+-------+-------++-------
Melee: Short sword       |    90 |   140 |       ||   230
       Falchion          |       |    14 |   135 ||   149
Evoke: Wand              |     3 |    27 |     5 ||    35
  Use: Scroll            |       |       |    17 ||    17
 Stab: Sleeping          |     3 |     3 |       ||     6
       Distracted        |       |     2 |       ||     2
  Eat: Chunk             |       |     7 |     5 ||    12
Armor: Leather armour    |    14 |    32 |    21 ||    67
Dodge: Dodged            |    44 |    95 |   102 ||   241
       Rpst.: Falchion   |       |     3 |    28 ||    31
